AoeStats
← gob b

Enclosed

503872215Analyzed
4v4 RM · 1mo ago on Sep 2, 2026· 31m 26s· 8 players
Game mode
Random Map
Map size
Large (8 player)
Population
200
Speed
Normal
Resources
Standard
Victory
Conquest
Starting age
Dark Age
Ending age
Imperial Age
RankedLock teamsTeams togetherTeam positionsShared explorationLock speedFull tech treeHidden civsTurbo modeCheats
Victory
Defeat
🇹🇼 Magyars · Taiwan
1275
+13
🇮🇹 Vietnamese · Italy
1228
+15
🇲🇽 Sicilians · Mexico
1225
+15
🇮🇳 Burgundians · India
1215
+16
🇨🇱 Britons · Chile
1273
-18
🇮🇹 Cumans · Italy
1250
-17
🇪🇸 Japanese · Spain
1163
-13
🇨🇱 Hindustanis · Chile
1147
-12
TheScRider
0:49 Loom
10:26 Feudal Age
11:16 Double-Bit Axe
13:09 Wheelbarrow
14:27 Fletching
16:38 Gold Mining
19:19 Padded Archer Armor
25:34 Castle Age
26:28 Bodkin Arrow
26:51 Elite Skirmisher
28:38 Leather Archer Armor
gob b
7:42 Loom
11:43 Feudal Age
16:18 Castle Age
14:56 Double-Bit Axe
14:53 Horse Collar
15:51 Bow Saw
16:10 Scale Barding Armor
16:20 Heavy Plow
20:28 Cavalier
21:11 Husbandry
26:27 Forging
29:01 Wheelbarrow
29:45 Two-Man Saw
29:42 Chain Barding Armor
Setrakian
9:36 Feudal Age
8:27 Loom
10:08 Double-Bit Axe
13:01 Town Watch
15:14 Fletching
15:14 Horse Collar
15:59 Padded Archer Armor
16:46 Padded Archer Armor
22:41 Gold Mining
26:00 Castle Age
26:03 Crossbowman
26:44 Bodkin Arrow
28:11 Gold Shaft Mining
31:45 Wheelbarrow
TwBestShaco
6:13 Loom
8:36 Feudal Age
9:20 Double-Bit Axe
9:33 Horse Collar
17:41 Wheelbarrow
17:54 Gold Mining
20:41 Castle Age
20:59 Bloodlines
21:50 Town Watch
23:44 Husbandry
24:15 Stone Mining
25:49 Heavy Plow
26:00 Bow Saw
27:32 Hand Cart
31:25 Scale Barding Armor
EL CID
7:42 Loom
10:16 Feudal Age
10:36 Man-at-Arms
17:53 Fletching
28:06 Castle Age
GdR_Salinaro
6:56 Loom
9:12 Feudal Age
10:13 Double-Bit Axe
11:34 Horse Collar
22:43 Castle Age
21:26 Bloodlines
22:23 Scale Barding Armor
22:29 Forging
24:10 Chain Barding Armor
26:06 Bow Saw
26:16 Heavy Plow
29:08 Iron Casting
[TVDT] Nameless
7:06 Loom
9:43 Feudal Age
10:25 Double-Bit Axe
15:59 Bloodlines
16:02 Horse Collar
18:12 Gold Mining
21:14 Castle Age
22:18 Bow Saw
22:28 Scale Barding Armor
23:43 Forging
31:01 Chain Barding Armor
31:16 Iron Casting
[TVDT] Emiliator
7:13 Loom
10:00 Feudal Age
10:42 Double-Bit Axe
13:07 Fletching
13:18 Padded Archer Armor
16:38 Horse Collar
20:11 Wheelbarrow
23:05 Castle Age
21:14 Gold Mining
23:07 Crossbowman
23:46 Bodkin Arrow
25:12 Bow Saw
25:05 Heavy Plow
26:33 Leather Archer Armor
28:17 Ballistics
30:24 Hand Cart
Connection lost

Rejoining the realm…

Still unreachable

The connection could not be restored.

Session expired

The server has moved on; the page needs a fresh start.